 Dungeon Crawl Stone Soup version 0.31-a0-182-gc5ef74bbde (webtiles) character file.

Game seed: 16279520206907554997

134012 2FriedEggs the Fetichist (level 17, -4/116 HPs)
             Began as a Kobold Artificer on June 20, 2023.
             Was a High Priest of Nemelex Xobeh.
             Shot with an arrow by a naga sharpshooter (6 damage)
             ... led by Vashnia
             ... on level 2 of the Snake Pit on June 21, 2023.
             The game lasted 02:26:31 (41970 turns).

2FriedEggs the Fetichist (Kobold Artificer)        Turns: 41970, Time: 02:26:32

Health: -4/116     AC: 17    Str:  9    XL:     17   Next: 74%
Magic:  23/30      EV: 24    Int: 13    God:    Nemelex Xobeh [*****.]
Gold:   1973       SH:  0    Dex: 29    Spells: 16/16 levels left

rFire   . . .        I - +3 orcbow
rCold   . . .        (shield currently unavailable)
rNeg    + . .        Z - +3 ring mail of the Nexus {rElec rN+}
rPois   +            g - +2 helmet
rElec   +            (no cloak)
rCorr   .            J - +2 pair of gloves
SInv    +            H - +2 pair of boots
Will    +....        L - amulet of faith
Stlth   +++          F - +6 ring of dexterity
HPRegen 0.39/turn    X - ring of poison resistance
MPRegen 0.22/turn

%: faith
@: lethally poisoned (-4 -> -6)
A: small, no large weapons, nightstalker 3, see invisible, passive freeze,
robust 1
a: Renounce Religion, Draw Escape, Draw Destruction, Draw Summoning, Draw Stack,
Triple Draw, Deal Four, Stack Five


You were on level 2 of the Snake Pit.
You worshipped Nemelex Xobeh.
Nemelex Xobeh was extremely pleased with you.
You visited 6 branches of the dungeon, and saw 26 of its levels.
You also visited: Bailey.

You collected 2748 gold pieces.
You spent 775 gold pieces at shops.

Inventory:

Hand Weapons
 I - a +3 orcbow (weapon)
 M - a +0 arbalest
Missiles
 K - 7 throwing nets
Armour
 g - a +2 helmet (worn)
 x - the +6 scale mail "Juehaeh" {rElec Will+ Str-5}
   (You found it on level 3 of the Lair of Beasts)

   Str:       It affects your strength (-5).
   rElec:     It insulates you from electricity.
   Will:      It increases your willpower.
 H - a +2 pair of boots (worn)
 J - a +2 pair of gloves (worn)
 Z - the +3 ring mail of the Nexus (worn) {rElec rN+}
   (You found it on level 2 of the Lair of Beasts)

   rElec:     It insulates you from electricity.
   rN:        It protects you from negative energy.
Jewellery
 a - a ring of willpower
 i - a ring of willpower
 j - a ring of positive energy
 D - an amulet of regeneration
 F - a +6 ring of dexterity (left hand)
 L - an amulet of faith (around neck)
 U - a ring of resist corrosion
 W - a ring of protection from cold
 X - a ring of poison resistance (right hand)
Wands
 c - a wand of flame (15)
 d - a wand of charming (14)
 e - a wand of iceblast (22)
 n - a wand of digging (17)
 p - a wand of polymorph (12)
 t - a wand of acid (4)
 y - a wand of paralysis (8)
Scrolls
 b - a scroll of summoning
 f - 5 scrolls of teleportation
 q - 2 scrolls of poison
 r - 5 scrolls of amnesia
 w - 2 scrolls of revelation
 B - 4 scrolls of blinking
 C - 3 scrolls of enchant armour
 G - a scroll of fog
 O - 3 scrolls of identify
 P - 4 scrolls of fear
 Q - 4 scrolls of enchant weapon
 S - 3 scrolls of immolation
 Y - 2 scrolls of torment
Potions
 k - 8 potions of mutation
 l - 12 potions of curing
 m - 2 potions of magic
 s - a potion of attraction
 v - 3 potions of haste
 z - 3 potions of brilliance
 A - 2 potions of enlightenment
 E - 4 potions of might
 T - a potion of berserk rage
 V - 3 potions of invisibility
Miscellaneous
 h - a box of beasts
 o - a condenser vane
 u - a piece from Xom's chessboard (15/15)
 N - a lightning rod (4/4)
 R - a phantom mirror


   Skills:
 + Level 11.7 Fighting
 - Level 16.0 Ranged Weapons
 - Level 0.7 Armour
 + Level 12.8 Dodging
 - Level 1.3 Stealth
 * Level 18.1 Invocations
 * Level 20.3 Evocations


You had 16 spell levels left.
You didn't know any spells.
Your spell library contained the following spells:

 Spells                   Type           Power      Damage    Failure   Level
 Sandblast                Erth           0%         2d4       65%         1
 Sting                    Tmut/Pois      0%         1d3       65%         1
 Cigotuvi's Dreadful Rot  Necr/Pois/Air  0%         N/A       78%         2
 Passwall                 Tmut/Erth      0%         N/A       78%         2
 Poisonous Vapours        Pois/Air       0%         N/A       78%         2
 Dazzling Flash           Conj/Hex       0%         N/A       95%         3
 Frozen Ramparts          Ice            0%         1d1       95%         3
 Ignite Poison            Fire/Tmut/Pois 0%         N/A       95%         3
 Stone Arrow              Conj/Erth      0%         3d7       95%         3
 Summon Guardian Golem    Hex/Summ       0%         N/A       95%         3
 Dispel Undead            Necr           0%         3d6       100%        4
 Ice Form                 Ice/Tmut       0%         N/A       100%        4
 Olgreb's Toxic Radiance  Pois           0%         N/A       100%        4
 Petrify                  Tmut/Erth      0%         N/A       100%        4
 Summon Ice Beast         Ice/Summ       0%         N/A       100%        4
 Agony                    Necr           0%         N/A       100%        5
 Freezing Cloud           Conj/Ice/Air   0%         6-21      100%        5
 Metabolic Englaciation   Hex/Ice        0%         N/A       100%        5
 Silence                  Hex/Air        0%         N/A       100%        5
 Death Channel            Necr           0%         N/A       100%        6
 Statue Form              Tmut/Erth      0%         N/A       100%        6
 Orb of Destruction       Conj           0%         9d5       100%        7
 Spellforged Servitor     Conj/Summ      0%         N/A       100%        7


Dungeon Overview and Level Annotations

Branches:
Dungeon (15/15)            Temple (1/1) D:4            Lair (5/5) D:11
 Shoals (1/4) Lair:3        Snake (2/4) Lair:2          Orc (2/2) D:12
    Elf (0/3) Orc:2        Vaults (0/5) D:13         Depths (0/4) D:15
 Bailey (visited)
  Slime: Lair:4-5

Altars:
Ashenzari
Cheibriados
Dithmenos
Elyvilon
Fedhas
Gozag
Hepliaklqana
Kikubaaqudgha
Makhleb
Nemelex Xobeh
Okawaru
Qazlal
Ru
Sif Muna
Trog
Uskayaw
Vehumet
Wu Jian
Xom
Yredelemnul
Zin
The Shining One
Jiyva

Shops:
D:5 [   D:7 =   D:8 *   Orc:2 *[*:   Snake:1 *[!:=

Portals:
Trove: D:15 (give 7 scrolls of fear)

Annotations:
D:6 1 runed translucent door
Lair:5 exclusion: 4 oklob plants
Snake:2 Vashnia


Innate Abilities, Weirdness & Mutations

You are small and have problems with some larger weapons.
You are completely attuned to the shadows.
You have supernaturally acute eyesight. (SInv)
A frigid envelope surrounds you and freezes all who hurt you.
You are robust. (+10% HP)


Message History

Unknown command.
Fire: I) +3 orcbow
Press: ? - help, Q - select action, (/) - cycle Shift-Dir - straight line, f/p - Vashnia
Aim: Vashnia, wielding a +5 longbow and wearing a +2 barding of cold resistance (heavily wounded, 59% to hit)
You shoot an arrow. The arrow completely misses Vashnia.
The arrow closely misses the naga sharpshooter.
You feel sick.
Fire: I) +3 orcbow
Press: ? - help, Q - select action, (/) - cycle Shift-Dir - straight line, f/p - Vashnia
Aim: Vashnia, wielding a +5 longbow and wearing a +2 barding of cold resistance (heavily wounded, 59% to hit)
You shoot an arrow. The arrow closely misses Vashnia.
You feel sick.
Vashnia shoots an arrow.
The arrow completely misses you.
Fire: I) +3 orcbow
Press: ? - help, Q - select action, (/) - cycle Shift-Dir - straight line, f/p - Vashnia
Aim: Vashnia, wielding a +5 longbow and wearing a +2 barding of cold resistance (heavily wounded, 59% to hit)
You shoot an arrow.
The arrow hits Vashnia but does no damage.
Vashnia is heavily wounded.
You feel sick. Vashnia spits poison at you. The splash of poison misses you.
The naga sharpshooter unwields a +0 war axe.
The naga sharpshooter wields a +0 longbow.
The naga sharpshooter mumbles some strange words.
The naga sharpshooter magically shoots an arrow.
The arrow hits you!!
Unknown command.
Fire: I) +3 orcbow
Press: ? - help, Q - select action, (/) - cycle Shift-Dir - straight line, f/p - Vashnia
Aim: Vashnia, wielding a +5 longbow and wearing a +2 barding of cold resistance (heavily wounded, catching her breath, 59% to hit)
You shoot an arrow. The arrow barely misses Vashnia.
You feel sick.
You are no longer poisoned.
You are poisoned.
The naga ritualist's toxic aura wanes.
Vashnia shoots an arrow.
The arrow hits you!!
* * * LOW HITPOINT WARNING * * *
The naga sharpshooter shoots an arrow.
The arrow hits you.
You die...
Your body glows slightly and disappears. ##### #...# NN.N#

#.>.# ##### .#N..# ##...# #...#
... #......# #...## ##...#
..#.....)N###...## #....# #.
.....N?NN..@....#######...##
..####.....^########...........#
.#...#...... ###########.#
.#....N...# #....#.##
...........S .....#...
..##......<. .........
..#.......?. .........
....#.###### ##...#### #.....#
#...#


You could see Vashnia (catching breath), a naga sharpshooter and a naga
ritualist.

Vanquished Creatures
  A caustic shrike (Lair:2)
  Frances (D:14)
  A very ugly thing (D:15)
  An ettin (D:15)
  A salamander tyrant (Snake:1)
  Harold (Lair:2)
  A vault guard (D:15)
  A hydra (Lair:3)
  2 ogre magi (D:15)
  3 boulder beetles
  2 centaur warriors
  A catoblepas (Lair:2)
  2 dancing weapons (D:13)
  12 two-headed ogres
  3 naga warriors (Snake:1)
  3 orc high priests (Orc:2)
  13 death yaks
  2 tengu warriors
  3 naga sharpshooters (Snake:2)
  2 shock serpents
  2 skysharks
  6 skeletal warriors
  A skyshark (shapeshifter) (D:15)
  2 salamander mystics (Snake:1)
  2 deep trolls (D:15)
  A naga ritualist (Snake:1)
  4 orc knights
  A wizard (D:15)
  A harpy (shapeshifter) (D:15)
  3 deep elf pyromancers
  A wolf spider (Lair:5)
  5 manticores
  5 orc sorcerers (Orc:2)
  6 mana vipers
  6 cyclopes
  16 ugly things
  10 salamanders
  8 naga magi
  20 black mambas
  2 elephants
  10 cane toads
  A guardian serpent (Lair:5)
  A gargoyle (D:12)
  4 orange demons (D:13)
  4 rime drakes
  An unseen horror (Snake:1)
  9 komodo dragons
  An efreet (D:15)
  A tengu conjurer (D:14)
  4 red devils (D:13)
  4 trolls
  Grinder (D:4)
  A polar bear (Lair:4)
  15 blink frogs
  A hornet (shapeshifter) (D:13)
  3 hornets
  7 slime creatures
  3 spriggans (Lair:5)
  A vampire (D:11)
  18 wyverns
  14 yaks
  2 shadows (D:11)
  5 wraiths
  2 water elementals
  2 redbacks
  A golden eye (shapeshifter) (D:15)
  A golden eye (Lair:4)
  2 hogs (D:14)
  3 basilisks
  A steam dragon (D:8)
  12 vampire mosquitoes
  3 wargs
  8 nagas
  An acid dragon (D:10)
  15 water moccasins
  A black bear (shapeshifter) (D:15)
  A swamp drake (Lair:4)
  50 orc warriors
  A black bear (D:7)
  2 sky beasts
  24 ogres
  37 wolves
  4 centaurs
  4 phantoms
  5 kobold brigands
  A gnoll sergeant (D:9)
  14 bullfrogs
  A scorpion (D:5)
  9 wights
  9 killer bees
  3 howler monkeys
  An electric eel (D:14)
  3 hounds
  42 orc priests
  6 jellies
  3 gnoll boudas
  5 iguanas
  Ijyb (D:3)
  24 orc wizards
  15 gnolls
  5 adders
  4 white imps
  2 dart slugs
  143 orcs
  12 endoplasms
  6 giant cockroaches
  7 goblins
  7 hobgoblins
  13 jackals
  7 quokkas
  7 ball pythons
  8 bats
  A frilled lizard (D:2)
  20 kobolds
  4 rats
832 creatures vanquished.

Vanquished Creatures (collateral kills)
  Kirke (D:14)
  An orc warlord (Orc:2)
  Josephine (Lair:4)
  A centaur warrior (D:14)
  An orc high priest (Orc:2)
  Lodul (D:14)
  2 skeletal warriors (D:14)
  A naga ritualist (Snake:1)
  A mana viper (Snake:1)
  An orc sorcerer (Orc:2)
  2 salamanders (Snake:1)
  3 elephants (Lair:5)
  4 black mambas
  A cane toad (Lair:4)
  An orange demon (D:13)
  A komodo dragon (Lair:4)
  3 blink frogs
  3 wyverns (Lair:5)
  3 wraiths (Lair:4)
  11 yaks (Lair:5)
  2 hogs (D:14)
  A redback (Lair:5)
  A basilisk (Lair:5)
  3 wargs
  4 orc warriors
  5 ogres (D:14)
  3 wolves (Lair:5)
  A kobold brigand (D:11)
  A gnoll sergeant (D:11)
  3 killer bees (D:9)
  2 orc priests
  3 orc wizards
  3 gnolls (D:11)
  6 orcs
  3 goblins (D:3)
  5 kobolds
89 creatures vanquished.

Vanquished Creatures (others)
  An orc priest (Orc:2)
  Robin (D:3)
  An orc (Orc:2)
  A kobold (D:11)
4 creatures vanquished.

Grand Total: 925 creatures vanquished

Notes
Turn   | Place    | Note
-------+----------+-------------------------------------------
     0 | D:1      | 2FriedEggs the Kobold Artificer began the quest for the
                  | Orb.
     0 | D:1      | Reached XP level 1. HP: 12/12 MP: 1/1
   201 | D:1      | Reached skill level 4 in Evocations
   223 | D:1      | Reached XP level 2. HP: 16/16 MP: 2/2
   487 | D:1      | Reached XP level 3. HP: 7/21 MP: 3/3
  1212 | D:2      | Reached skill level 5 in Evocations
  1217 | D:2      | Reached XP level 4. HP: 24/26 MP: 4/4
  1721 | D:2      | Reached skill level 1 in Ranged Weapons
  2100 | D:2      | Found a faded altar of an unknown god.
  2299 | D:3      | Noticed Ijyb
  2320 | D:3      | Killed Ijyb
  2352 | D:3      | Reached XP level 5. HP: 17/31 MP: 5/5
  2424 | D:3      | Found a bloodstained altar of Trog.
  2479 | D:3      | Noticed Robin
  2488 | D:3      | Your ally Robin died
  2626 | D:3      | Found a radiant altar of Vehumet.
  3138 | D:4      | Noticed a +0 dagger
  3138 | D:4      | Noticed a +0 spear
  3139 | D:4      | Noticed a +0 dagger
  3139 | D:4      | Noticed a +0 spear
  3140 | D:4      | Noticed a +0 short sword
  3140 | D:4      | Noticed a +0 short sword
  3205 | D:4      | Found a shadowy altar of Dithmenos.
  3310 | D:4      | Found a staircase to the Ecumenical Temple.
  3338 | Temple   | Entered the Ecumenical Temple
  3624 | Temple   | Became a worshipper of Nemelex Xobeh the Trickster
  3712 | D:4      | Noticed Grinder
  4037 | D:4      | Paralysed by Grinder for 2 turns
  4040 | D:4      | Killed Grinder
  4041 | D:4      | Reached skill level 5 in Ranged Weapons
  4041 | D:4      | Reached skill level 6 in Evocations
  4041 | D:4      | Reached XP level 6. HP: 20/36 MP: 5/7
  4041 | D:4      | Reached XP level 7. HP: 22/40 MP: 5/8
  4493 | D:4      | Noticed a +0 falchion
  4495 | D:4      | Noticed a +0 falchion
  4506 | D:4      | Found a hide-covered altar of Uskayaw.
  4558 | D:4      | Found a shimmering blue altar of Sif Muna.
  4738 | D:5      | Entered Level 5 of the Dungeon
  5312 | D:5      | Noticed a steam dragon
  5430 | D:5      | Reached XP level 8. HP: 41/45 MP: 10/10
  5545 | D:5      | Reached * piety under Nemelex Xobeh
  5551 | D:5      | Found a glowing golden altar of the Shining One.
  5668 | D:5      | Reached skill level 7 in Evocations
  5821 | D:5      | Found a snail-covered altar of Cheibriados.
  5857 | D:5      | Found an iron altar of Okawaru.
  5879 | D:5      | Found Ificevi's Antique Armour Boutique.
  6043 | D:5      | Received a gift from Nemelex Xobeh
  7174 | D:6      | Found a runed translucent door.
  7629 | D:7      | Reached ** piety under Nemelex Xobeh
  7650 | D:7      | Reached XP level 9. HP: 41/49 MP: 12/12
  7858 | D:7      | Reached skill level 8 in Evocations
  7862 | D:7      | Reached skill level 5 in Invocations
  8030 | D:7      | Reached skill level 10 in Ranged Weapons
  8193 | D:7      | Found a stormy altar of Qazlal.
  8944 | D:7      | Found Omyogas's Jewellery Boutique.
  9110 | D:8      | Found a flagged portal.
  9140 | Bailey   | Entered a bailey
  9303 | Bailey   | Reached skill level 9 in Evocations
  9584 | Bailey   | Noticed an orc knight
  9610 | Bailey   | Killed an orc knight
  9611 | Bailey   | Reached XP level 10. HP: 54/54 MP: 13/15
 10223 | Bailey   | Noticed an orc knight
 10283 | D:8      | Received a gift from Nemelex Xobeh
 10354 | D:8      | Noticed a two-headed ogre
 10545 | D:8      | Found Zodocsil's General Store.
 10929 | D:8      | Reached skill level 10 in Evocations
 11237 | D:8      | Killed a two-headed ogre
 11633 | D:9      | Received a gift from Nemelex Xobeh
 11770 | D:7      | Bought an amulet of faith for 440 gold pieces
 12105 | D:9      | Reached XP level 11. HP: 58/58 MP: 17/17
 12275 | D:9      | Reached *** piety under Nemelex Xobeh
 12329 | D:9      | Noticed a boulder beetle
 12350 | D:9      | Killed a boulder beetle
 12551 | D:9      | Reached skill level 11 in Evocations
 12659 | D:9      | Received a gift from Nemelex Xobeh
 12730 | D:9      | Noticed a two-headed ogre
 12737 | D:9      | Killed a two-headed ogre
 13117 | D:9      | Reached skill level 15 in Ranged Weapons
 13505 | D:10     | Entered Level 10 of the Dungeon
 13979 | D:10     | Found an ornate altar of the Wu Jian Council.
 14541 | D:10     | Received a gift from Nemelex Xobeh
 15072 | D:10     | Found an opulent altar of Gozag.
 15606 | D:11     | Reached XP level 12. HP: 64/64 MP: 18/18
 15628 | D:11     | Found a staircase to the Lair.
 15723 | D:11     | Received a gift from Nemelex Xobeh
 15808 | D:11     | Reached skill level 12 in Evocations
 15811 | D:11     | Identified the +3 dagger "Diphuk" {elec, *Noise rN+++ Dex+4
                  | Stlth+}
 15814 | D:11     | Identified the +2 robe of Hide-and-Seek {Fly rN+ Will-
                  | Str+2}
 16783 | D:12     | Reached skill level 5 in Dodging
 16783 | D:12     | Reached skill level 10 in Invocations
 17198 | D:12     | Received a gift from Nemelex Xobeh
 17256 | D:12     | Reached **** piety under Nemelex Xobeh
 17383 | D:12     | Identified the +1 chain mail of Nivviy {*Slow rElec Regen+
                  | SInv}
 17849 | D:12     | Found a staircase to the Orcish Mines.
 17925 | D:12     | Identified the +0 ring mail of Pantheism {-Tele rN++ Dex+4}
 18307 | D:13     | Noticed a +4 long sword
 18310 | D:13     | Noticed a +5 long sword
 18645 | D:13     | Reached skill level 5 in Fighting
 18645 | D:13     | Reached skill level 13 in Evocations
 18818 | D:13     | Received a gift from Nemelex Xobeh
 18926 | D:13     | HP: 2/68 [fire elemental[a deep elf pyromancer] (10)]
 19361 | D:7      | Bought a ring of poison resistance for 220 gold pieces
 19495 | Lair:1   | Entered Level 1 of the Lair of Beasts
 19889 | Lair:1   | Noticed a boulder beetle
 19926 | Lair:1   | Killed a boulder beetle
 19983 | Lair:1   | Received a gift from Nemelex Xobeh
 20002 | Lair:1   | Reached XP level 13. HP: 46/72 MP: 21/21
 20118 | Lair:1   | You fall into a shaft and drop 1 floor!
 20119 | Lair:2   | Noticed Gastronok
 20122 | Lair:2   | Identified the +3 ring mail of the Nexus {rElec rN+}
 20266 | Lair:2   | Found a staircase to the Snake Pit.
 20686 | Lair:1   | Received a gift from Nemelex Xobeh
 20993 | Lair:1   | Reached ***** piety under Nemelex Xobeh
 21327 | Lair:2   | Noticed a catoblepas
 21624 | Lair:2   | Gastronok changed into Gastronok the caustic shrike
 21624 | Lair:2   | Noticed Gastronok
 21628 | Lair:2   | Killed Gastronok the caustic shrike
 21629 | Lair:2   | Reached skill level 14 in Evocations
 22057 | Lair:2   | Received a gift from Nemelex Xobeh
 22097 | Lair:2   | Killed a catoblepas
 22444 | Lair:2   | Noticed Harold
 22461 | Lair:2   | Killed Harold
 23388 | Lair:3   | Found a staircase to the Shoals.
 23434 | Lair:3   | Noticed a six-headed hydra
 23443 | Lair:3   | Killed a six-headed hydra
 24010 | Lair:3   | Identified the +6 scale mail "Juehaeh" {rElec Will+ Str-5}
 24180 | Lair:3   | Received a gift from Nemelex Xobeh
 24671 | Lair:4   | Received a gift from Nemelex Xobeh
 24674 | Lair:4   | Reached skill level 15 in Evocations
 24789 | Lair:3   | Reached XP level 14. HP: 51/82 MP: 23/23
 24969 | Lair:3   | HP: 2/82 [death yak (13)]
 25542 | Lair:4   | Received a gift from Nemelex Xobeh
 25566 | Lair:4   | Noticed Josephine
 25571 | Lair:4   | Identified the -1 trident of the Elven Halls {flame, Str+3}
 25575 | Lair:4   | Killed Josephine
 26207 | Lair:4   | Received a gift from Nemelex Xobeh
 26207 | Lair:4   | Identified the ring of Butchery {Fire Contam rElec rPois}
 26263 | Lair:4   | Identified a scroll of acquirement
 26264 | Lair:4   | Acquired 361 gold pieces
 26554 | Lair:5   | Entered Level 5 of the Lair of Beasts
 27172 | Lair:4   | Reached skill level 16 in Evocations
 28317 | Lair:5   | Reached XP level 15. HP: 57/89 MP: 25/25
 28775 | Lair:5   | Received a gift from Nemelex Xobeh
 28834 | Lair:5   | Identified the +6 spear of Light {elec, *Noise rElec Str+3
                  | Dex+5}
 28839 | Lair:5   | Reached skill level 17 in Evocations
 29099 | Lair:5   | Reached skill level 10 in Dodging
 29654 | Lair:5   | Found a viscous altar of Jiyva.
 29674 | Lair:5   | Reached skill level 15 in Invocations
 29711 | Lair:5   | Received a gift from Nemelex Xobeh
 30289 | D:13     | You fall into a shaft and drop 1 floor!
 30848 | D:13     | Found a gate to the Vaults.
 31438 | D:14     | Received a gift from Nemelex Xobeh
 31938 | D:14     | Noticed Lodul
 31958 | D:14     | Killed Lodul
 32128 | D:14     | Noticed Frances
 32141 | D:14     | Killed Frances
 32376 | D:14     | Identified the +2 trident "Tuklas" {venom, rPois Int+2}
 32848 | D:14     | Received a gift from Nemelex Xobeh
 32878 | D:14     | Gained mutation: You are strong-willed. (Will+) [potion of
                  | mutation]
 32878 | D:14     | Gained mutation: Armour fits poorly on your strangely
                  | shaped body. [potion of mutation]
 32878 | D:14     | Gained mutation: Your natural rate of healing is unusually
                  | fast. [potion of mutation]
 32885 | D:14     | Noticed Kirke
 32894 | D:14     | Reached skill level 18 in Evocations
 32902 | D:14     | Killed Kirke
 33092 | D:14     | Reached XP level 16. HP: 78/97 MP: 27/27
 33360 | D:15     | Entered Level 15 of the Dungeon
 33386 | D:15     | Received a gift from Nemelex Xobeh
 33426 | D:15     | Reached skill level 10 in Fighting
 34005 | D:15     | Found a portal to a secret trove of treasure.
 34545 | D:15     | Received a gift from Nemelex Xobeh
 34828 | D:15     | Found a staircase to the Depths.
 34850 | D:15     | Reached skill level 19 in Evocations
 35215 | Orc:1    | Entered Level 1 of the Orcish Mines
 35270 | Orc:1    | Received a gift from Nemelex Xobeh
 35391 | Orc:2    | Entered Level 2 of the Orcish Mines
 35882 | Orc:2    | Lost mutation: Armour fits poorly on your strangely shaped
                  | body. [potion of mutation]
 35882 | Orc:2    | Lost mutation: Your natural rate of healing is unusually
                  | fast. [potion of mutation]
 35882 | Orc:2    | Lost mutation: You are strong-willed. (Will+) [potion of
                  | mutation]
 35882 | Orc:2    | Gained mutation: You have supernaturally acute eyesight.
                  | (SInv) [potion of mutation]
 35882 | Orc:2    | Gained mutation: You are robust. (+10% HP) [potion of
                  | mutation]
 35882 | Orc:2    | Gained mutation: A frigid envelope surrounds you and
                  | freezes all who hurt you. [potion of mutation]
 36132 | Orc:2    | Found a staircase to the Elven Halls.
 36260 | Orc:2    | Found Ykiptaoch's Book Emporium.
 36301 | Orc:2    | Received a gift from Nemelex Xobeh
 36595 | Orc:2    | Found Wioffa Siyn's General Store.
 36894 | Orc:2    | Reached XP level 17. HP: 114/114 MP: 29/29
 37224 | Orc:2    | Found Uvam's General Store.
 37241 | Orc:2    | Bought a scroll of enchant weapon for 82 gold pieces
 37241 | Orc:2    | Bought a scroll of teleportation for 33 gold pieces
 37277 | Orc:2    | Found Lenyos's Armour Shoppe.
 37588 | Orc:2    | Received a gift from Nemelex Xobeh
 38196 | Shoals:1 | Entered Level 1 of the Shoals
 38196 | Shoals:1 | Received a gift from Nemelex Xobeh
 38338 | Snake:1  | Entered Level 1 of the Snake Pit
 38731 | Snake:1  | Found Goehenig's Book Emporium.
 38754 | Snake:1  | Found Qomidinutz's Distillery.
 38761 | Snake:1  | Found Qathrehis's General Store.
 39344 | Snake:1  | Found Gockegiorgh's Armour Shop.
 39491 | Snake:1  | Received a gift from Nemelex Xobeh
 40189 | Snake:1  | Reached skill level 20 in Evocations
 41102 | Snake:1  | Found Imenaun's Jewellery Shop.
 41956 | Snake:2  | Noticed Vashnia
 41970 | Snake:2  | HP: 2/116 [Vashnia/arrow (33)]
 41970 | Snake:2  | Shot with an arrow by a naga sharpshooter

Illustrated notes

Levels and vault maps discovered:
D:1:      ldierk_walled_garden, layout_rooms
D:2:      layout_basic, ebering_ecumenical_altar_petrified, nicolae_titane
D:3:      layout_basic, mainiacjoe_overflow_cross_hatched, fiery_altar_vehumet,
          mrwooster_statue_mirror, due_unseen_surprise, uniq_robin, uniq_ijyb
D:4:      layout_loops_ring, nicolae_uskayaw_en_pointe,
          mainiacjoe_overflow_catch_the_wave, minmay_temple_entry_stoned_glass,
          grunt_tough_drop, uniq_grinder
D:5:      kb_forest_paths, layout_loops_corners, lemuel_doored_altar,
          mainiacjoe_overflow_swirl, dk_vineyard_3, nicolae_wooded_promenade,
          serial_bayou_pond_d
D:6:      layout_cave_pools, minmay_holes, grunt_ministairs_3,
          lightli_church_of_beogh
D:7:      layout_basic, mainiacjoe_overflow_six_doors_small, serial_shops,
          kennysheep_little_box
D:8:      layout_loops_cross, enter_bailey_2, special_room [special_room_orc],
          serial_shops, nicolae_shop_real_fake_doors, grunt_ogre_cave,
          minmay_starry_boxes
D:9:      layout_roguey, serial_curves, eino_curves_01, eino_curves_03,
          eino_curves_03, chequers_serial_rivers_small_b
D:10:     layout_loops_ring, nzn_wu_jian_contemplation, grunt_gozag_breadcrumbs,
          minmay_quadrilaterals
D:11:     layout_rooms, erik_lair_orcish_takeover
D:12:     layout_basic, david_orc_5
D:13:     layout_long_grid, erik_vaults_1, minmay_beelzebubs_servants
D:14:     layout_stronghold, serial_column_ruins, column_ruins_square_small,
          column_ruins_grid_4, column_ruins_open_medium,
          column_ruins_columns_dead_end, column_ruins_open_small,
          serial_park_fountain, uniq_kirke, uniq_frances, uniq_lodul
D:15:     hangedman_depths_entry_civil_slaughter, layout_basic, minivault_4,
          enter_trove_5, minmay_bent
Temple:   nicolae_temple_bog_church
Lair:1:   layout_regular_city
Lair:2:   layout_big_grid, guppyfry_snake_entry_island,
          nicolae_lair_grove_arrangements, grunt_megastairs_3,
          serial_bayou_shore_a, uniq_gastronok, uniq_harold
Lair:3:   layout_chaotic_city, elwin_shoals_entry_rocks, lemuel_fruit_tree
Lair:4:   layout_regular_city, st_stairs_6, infiniplex_staircase_pool,
          uniq_josephine
Lair:5:   hangedman_lair_tendril_chambers, layout_big_grid,
          minmay_slime_entry_oklob_open, wad_woods_02
Shoals:1: layout_shoals, serial_shops, shop, shop, nicolae_diamond_shop, shop,
          uniq_mlioglotl
Snake:1:  layout_onion_interference, serial_shops, nicolae_lakefront_shop, shop,
          shop, shop, nicolae_shop_waterfront, nicolae_snake_salamander_fort,
          grunt_megastairs_4
Snake:2:  layout_misc_corridors, basic_altar,
          nicolae_snake_ghostly_warrior_ritual, minmay_shop_star, uniq_vashnia
Orc:1:    layout_caves, david_defended_altar_orc
Orc:2:    pubby_orc_utopia

Skill      XL: |  1  2  3  4  5  6  7  8  9 10 11 12 13 14 15 16 17 |
---------------+----------------------------------------------------+-----
Evocations     | 4 5 6 7 9 10 11 13 15 16 18 19 20 | 20.3
Fighting       | 2 3 5 7 8 9 10 11 | 11.7
Ranged Weapons | 2 5 6 9 12 13 16 | 16.0
Invocations    | 2 3 4 6 8 9 11 12 14 15 17 18 | 18.1
Dodging        | 4 6 8 9 10 12 | 12.8
Armour         | |  0.7
Stealth        | |  1.3

Action                     |  1- 3 |  4- 6 |  7- 9 | 10-12 | 13-15 | 16-18 || total
---------------------------+-------+-------+-------+-------+-------+-------++-------
  Melee: Mace              |   115 |    11 |       |       |    20 |       ||   146
         Club              |    11 |       |       |       |       |       ||    11
         Unarmed           |       |     8 |       |       |       |       ||     8
         Orcbow            |       |       |       |       |    13 |     2 ||    15
   Fire: Sling             |       |   155 |   126 |       |       |       ||   281
         Shortbow          |       |       |   425 |   220 |       |       ||   645
         Orcbow            |       |       |       |   623 |  1150 |  1095 ||  2868
 Invoke: Draw Summoning    |       |       |     2 |     5 |     6 |     6 ||    19
         Draw Destruction  |       |       |     5 |    19 |    23 |    10 ||    57
         Draw Escape       |       |       |       |     5 |     9 |     1 ||    15
         Triple Draw       |       |       |       |     1 |       |       ||     1
         Deal Four         |       |       |       |     1 |     7 |     4 ||    12
         Draw Stack        |       |       |       |       |     2 |     6 ||     8
         Stack Five        |       |       |       |       |     1 |     1 ||     2
  Evoke: Wand              |     3 |    13 |    12 |    33 |    20 |    10 ||    91
         Condenser vane    |       |       |       |     3 |     2 |     2 ||     7
         Lightning rod     |       |       |       |       |    18 |    14 ||    32
         Piece from Xom's  |       |       |       |       |     2 |     2 ||     4
         Phantom mirror    |       |       |       |       |     1 |       ||     1
         Box of beasts     |       |       |       |       |       |     2 ||     2
    Use: Potion            |     4 |       |       |     2 |     5 |     1 ||    12
         Scroll            |       |       |    11 |    11 |    10 |       ||    32
   Stab: Sleeping          |     2 |     1 |       |       |       |       ||     3
 Armour: Leather armour    |    50 |    37 |   121 |    50 |       |       ||   258
         Skin              |     5 |       |       |       |       |       ||     5
         Acid dragon scale |       |       |       |    75 |       |       ||    75
         Ring mail         |       |       |       |       |   326 |   129 ||   455
  Dodge: Dodged            |   167 |    92 |   300 |   356 |   919 |   817 ||  2651

Table legend: (Time is in decaauts)
 A = Elapsed time spent in this place.
 B = Non-inter-level travel time spent in this place.
 C = Inter-level travel time spent in this place.
 D = Time resting spent in this place.
 E = Time spent auto-exploring this place.
 F = Levels seen in this place.
 G = Mean time per level.
                   A        B        C        D        E       F      G
               +--------+--------+--------+--------+--------+-----+--------+
         Total |  41761 |  39413 |   2348 |   9074 |  22214 |  27 | 1546.7 |
       Dungeon |  23308 |  21693 |   1615 |   3718 |  13649 |  15 | 1553.9 |
        Temple |    337 |    296 |     41 |      0 |    281 |   1 |  337.0 |
          Lair |  10974 |  10444 |    530 |   3129 |   5214 |   5 | 2194.8 |
        Shoals |      4 |      4 |      0 |      0 |      0 |   1 |    4.0 |
     Snake Pit |   3222 |   3166 |     56 |   1158 |   1317 |   2 | 1611.0 |
  Orcish Mines |   2831 |   2727 |    104 |    448 |   1628 |   2 | 1415.5 |
        Bailey |   1083 |   1083 |      0 |    618 |    123 |   1 | 1083.0 |
               +--------+--------+--------+--------+--------+-----+--------+

Top non-repeatable levels by time:
  Lair:4: 2841 daAuts
 Snake:1: 2730 daAuts
  Lair:2: 2463 daAuts
   Orc:2: 2453 daAuts
  Lair:3: 2288 daAuts
    D:13: 2247 daAuts
  Lair:5: 1967 daAuts
    D:14: 1900 daAuts
     D:7: 1879 daAuts
    D:12: 1839 daAuts
    D:10: 1831 daAuts
     D:5: 1767 daAuts
     D:9: 1745 daAuts
    D:15: 1666 daAuts
     D:8: 1515 daAuts
